 Dungeon Crawl Stone Soup version 0.29-a0-870-g2c972031a6 (webtiles) character file.

Game seed: 16236733455681212786

164 Nato the Insei (level 5, -1/52 HPs)
             Began as an Octopode Transmuter on July 18, 2022.
             Slain by Grinder (5 damage)
             ... while paralysed by Grinder
             ... on level 3 of the Dungeon.
             The game lasted 00:04:22 (3194 turns).

Nato the Insei (Octopode Transmuter)                Turns: 3194, Time: 00:04:23

Health: -1/52      AC: 22    Str: 11    XL:     5   Next: 45%
Magic:  8/8        EV:  2    Int: 16    God:
Gold:   194        SH:  0    Dex: 12    Spells: 7/8 levels left

rFire   . . .      SeeInvis .     - Unarmed
rCold   . . .      Faith    .   (no shield)
rNeg    . . .      Spirit   .   (helmet currently unavailable)
rPois   +          Reflect  .   (no amulet)
rElec   .          Harm     .   (no ring)
rCorr   .          Rampage  .   (no ring)
Will    .....      NoTele   +   (no ring)
Stlth   +.........              (no ring)
HPRegen 0.17/turn               (no ring)
MPRegen 0.11/turn               (no ring)
                                (no ring)
                                (no ring)

@: paralysed, tree-form
A: stationary, stasis, torment immunity, boosted hp, almost no armour,
(amphibious), 8 rings, (camouflage 1), (gelatinous body 1), (nimble swimmer 1),
(tentacles)
a: no special abilities


You were on level 3 of the Dungeon.
You were a tree.
You visited 1 branch of the dungeon, and saw 3 of its levels.

You collected 194 gold pieces.

Inventory:

Jewellery
 g - a ring of ice
 i - a ring of fire
Wands
 m - a wand of polymorph (4)
 o - a wand of charming (9)
Scrolls
 b - a scroll of poison {unknown}
 c - a scroll of vulnerability {unknown}
 d - 4 scrolls of identify {unknown}
 h - 2 scrolls of fog {unknown}
 j - a scroll of immolation {unknown}
 n - a scroll of summoning {unknown}
Potions
 e - a potion of mutation {unknown}
 f - 2 potions of curing
 k - a potion of ambrosia {unknown}
 l - a potion of attraction {unknown}


   Skills:
 + Level 2.3 Fighting
 + Level 3.0 Dodging
 + Level 3.7 Unarmed Combat
 - Level 2.0 Spellcasting
 * Level 3.7 Transmutations


You had 7 spell levels left.
You knew the following spells:

 Your Spells              Type           Power      Damage    Failure   Level
a - Beastly Appendage     Tmut           26%        N/A       4%          1

Your spell library contained the following spells:

 Spells                   Type           Power      Damage    Failure   Level
 Wereblood                Tmut           13%        N/A       7%          2
 Spider Form              Tmut/Pois      7%         N/A       28%         3
 Ignite Poison            Fire/Tmut/Pois 5%         N/A       36%         3
 Conjure Flame            Conj/Fire      1%         6-21      52%         3
 Ice Form                 Ice/Tmut       7%         N/A       67%         4
 Sticky Flame             Conj/Fire      1%         2d3       90%         4


Dungeon Overview and Level Annotations

Branches:
Dungeon (3/15)

Altars:
Ru

Annotations:
D:3 Grinder


Innate Abilities, Weirdness & Mutations

You are a tree.
Your roots penetrate the ground, keeping you stationary.
You cannot be teleported.
You are immune to unholy pain and torment.
Your maximum health is greatly increased.
You cannot wear most types of armour.
((You are amphibious.))
You can wear up to eight rings at the same time.
((Your skin changes colour to match your surroundings (Stealth+).))
((Your rubbery body absorbs attacks. (AC +1, EV +1)))
((You are camouflaged when in or above water. (Stealth+)))
((You have tentacles for arms and can constrict up to eight enemies at once.))


Message History

You close the door.
You start waiting.
Grinder is nearby!
You open the door.
Your tentacle spike disappears.
Grinder blinks!
There is an open door here.
Casting: Beastly Appendage (safe; 4% risk of failure)
Confirm with . or Enter, or press ? or * to list all spells.
One of your tentacles grows a vicious spike.
Grinder gestures at you. You resist with significant effort. Grinder hits you!
You writhe in agony.
There is an open door here.
You tentacle-slap Grinder. You grab Grinder.
You pierce Grinder, but do no damage.
Grinder is lightly wounded.
You constrict Grinder. Grinder gestures at you. Pain shoots through your body!
Your tentacle spike disappears.
You turn into a tree.
Your roots penetrate the ground.
You lose your grip on Grinder.
Grinder hits you.
You writhe in agony.
You hit Grinder.
Grinder is moderately wounded.
You barely miss Grinder.
Grinder is moderately wounded.
Grinder hits you but does no damage.
You smack Grinder!
Grinder is heavily wounded.
Grinder gestures at you.
You suddenly lose the ability to move!
Grinder hits you!
* * * LOW HITPOINT WARNING * * *
You writhe in agony.
* * * LOW HITPOINT WARNING * * *
Grinder hits you.
* * * LOW HITPOINT WARNING * * *
You writhe in agony.
You die...

........############
...................#
###...#.......####.#
#...#..........#.# #
#...'.......##.#.# . #.
#...#.......##.#.# #
..#.######...#.......##.#.# #.
..........####.......##.#.###.
..#.........5♣.......'........
........#.####.......###......
.>..........†'................
.######.#.####................
#.#.# ########.##...... #.#†#
#.##...... #.#.# #.##......
#.#.# #.##...... #.#.#
#.##......


You could see Grinder.

Vanquished Creatures
  Natasha (twice) (D:3)
  Terence (D:3)
  3 adders (D:2)
  4 worms
  A dart slug (D:3)
  A bat (D:3)
  5 endoplasms
  2 giant cockroaches
  A goblin (D:1)
  9 hobgoblins
  A jackal (D:3)
  4 kobolds
  2 quokkas (D:2)
  5 ball pythons
  3 frilled lizards
  3 rats (D:3)
47 creatures vanquished.

Notes
Turn   | Place    | Note
-------+----------+-------------------------------------------
     0 | D:1      | Nato the Octopode Transmuter began the quest for the Orb.
     0 | D:1      | Reached XP level 1. HP: 13/13 MP: 3/3
   237 | D:1      | Reached XP level 2. HP: 18/18 MP: 3/5
   767 | D:2      | Reached XP level 3. HP: 18/23 MP: 4/6
  1556 | D:2      | Reached XP level 4. HP: 29/29 MP: 5/7
  2030 | D:3      | Noticed Terence
  2045 | D:3      | Killed Terence
  2204 | D:3      | Found a sacrificial altar of Ru.
  2395 | D:3      | Noticed Natasha
  2401 | D:3      | Killed Natasha
  2402 | D:3      | Reached XP level 5. HP: 15/34 MP: 6/8
  3112 | D:3      | Noticed Natasha
  3119 | D:3      | Killed Natasha
  3151 | D:3      | Noticed Grinder
  3151 | D:3      | Paralysed by Grinder for 5 turns
  3192 | D:3      | Paralysed by Grinder for 2 turns
  3194 | D:3      | Slain by Grinder

Illustrated notes

Levels and vault maps discovered:
D:1:      mrwooster_arrival_statue, layout_basic, minmay_misc_feat_rugged
D:2:      cheibrodos_helix_gallery, layout_basic
D:3:      layout_basic, nicolae_ru_great_annihilating_truth,
          wad_floor_pattern_1, minmay_misc_feat_columns,
          minmay_stone_trees_small, uniq_natasha, uniq_terence, uniq_grinder

Skill      XL: |  1  2  3  4  5 |
---------------+----------------+-----
Transmutations | 3 |  3.7
Fighting       | 2 |  2.3
Dodging        | 3 |  3.0
Unarmed Combat | |  3.7
Spellcasting   | |  2.0

Action                   |  1- 3 |  4- 6 || total
-------------------------+-------+-------++-------
Melee: Unarmed           |    55 |    49 ||   104
       Constrict         |    18 |    11 ||    29
       Kick              |    23 |    13 ||    36
       Tentacles         |    10 |     9 ||    19
 Cast: Beastly Appendage |    20 |    16 ||    36
  Use: Potion            |       |     1 ||     1
 Stab: Sleeping          |     5 |     4 ||     9
       Paralysed         |       |     1 ||     1
Armor: Skin              |     1 |     6 ||     7
Dodge: Dodged            |    18 |    15 ||    33

Table legend: (Time is in decaauts)
 A = Elapsed time spent in this place.
 B = Non-inter-level travel time spent in this place.
 C = Inter-level travel time spent in this place.
 D = Time resting spent in this place.
 E = Time spent auto-exploring this place.
 F = Levels seen in this place.
 G = Mean time per level.
                   A        B        C        D        E       F      G
               +--------+--------+--------+--------+--------+-----+--------+
         Total |   3196 |   3109 |     87 |   1009 |   1697 |   3 | 1065.3 |
       Dungeon |   3196 |   3109 |     87 |   1009 |   1697 |   3 | 1065.3 |
               +--------+--------+--------+--------+--------+-----+--------+

Top non-repeatable levels by time:
     D:2: 1384 daAuts
     D:3: 1172 daAuts
     D:1: 639 daAuts
